 Dungeon Crawl Stone Soup version 0.18-a0-1778-gadce9fa (webtiles) character file.

38595 Duffy the Severer (level 13, 54/117 HPs)
             Began as a Deep Dwarf Berserker on Apr 16, 2016.
             Was a High Priest of Trog.
             Quit the game on level 2 of the Lair of Beasts.
             The game lasted 00:22:57 (12289 turns).

Duffy the Severer (Deep Dwarf Berserker)           Turns: 12289, Time: 00:22:58

Health: 54/117     AC: 22    Str: 22    XL:     13   Next: 64%
Magic:  5/5        EV:  8    Int:  8    God:    Trog [*****.]
Gold:   747        SH:  0    Dex: 16    Spells: 0 memorised, 12 levels left

rFire  . . .     SeeInvis .     G - +4 executioner's axe (antimagic)
rCold  + . .     Gourm    .     e - +0 plate armour
rNeg   . . .     Faith    .     (shield currently unavailable)
rPois  .         Spirit   .     F - +0 helmet
rElec  .         Dismiss  .     h - +2 cloak
rCorr  .         Reflect  .     D - +2 pair of gloves {archery}
SustAt +         Harm     .     (no boots)
MR     +....                    (no amulet)
Stlth  ..........               v - ring of sustain attributes
                                p - ring of protection from cold

@: non-regenerating, somewhat resistant to hostile enchantments, extremely
unstealthy
A: damage resistance, recharge devices, sense surroundings 2, slow regeneration
3
a: Device Recharging, Berserk, Trog's Hand, Brothers in Arms, Burn Spellbooks,
Renounce Religion


You were on level 2 of the Lair of Beasts.
You worshipped Trog.
Trog was extremely pleased with you.
You were not hungry.

You visited 2 branches of the dungeon, and saw 13 of its levels.

You collected 747 gold pieces.


Innate Abilities, Weirdness & Mutations

You are resistant to damage.
You can recharge devices by infusing magical energy.
You passively map the area around you.
You do not regenerate naturally.


   Skills:
 + Level 7.8 Fighting
 + Level 19.2 Axes
 - Level 9.5 Armour
 - Level 2.1 Dodging
 - Level 7.0 Evocations


You had 12 spell levels left.
You didn't know any spells.

Inventory:

Hand Weapons
 G - a +4 antimagic executioner's axe (weapon)
Missiles
 M - 4 poisoned javelins (quivered)
Armour
 e - a +0 plate armour (worn)
 h - a +2 cloak (worn)
 C - a +2 pair of gloves
 D - a +2 pair of gloves of archery (worn)
 F - a +0 helmet (worn)
Jewellery
 p - a ring of protection from cold (left hand)
 t - an uncursed ring of flight
 v - a ring of sustain attributes (right hand)
Wands
 c - a wand of heal wounds (4/9)
 n - a wand of random effects (12/48)
 s - a wand of confusion (36/48)
 x - a wand of flame (29/48)
 y - a wand of digging (13/24)
 A - a wand of paralysis (5/24)
 B - a wand of lightning (9/15)
 J - a wand of iceblast (10/15)
 L - a wand of confusion (11/48)
Scrolls
 a - a scroll of fear
 f - a scroll of immolation
 i - a scroll of teleportation
 j - a scroll of blinking
 k - 5 scrolls of enchant weapon
 o - 4 scrolls of remove curse
 u - a scroll of magic mapping
 I - a scroll of noise {unknown}
 N - a scroll of brand weapon {unknown}
 P - a scroll of torment {unknown}
Potions
 l - 5 potions of agility
 m - 2 potions of flight
 q - 2 potions of haste
 r - a potion of lignification
 E - a potion of invisibility {unknown}
 H - 2 potions of cancellation
 K - a potion of resistance
Comestibles
 b - 8 chunks of flesh
 d - 4 bread rations
 g - 20 fruits
 w - a beef jerky
 z - a meat ration

Dungeon Overview and Level Annotations

Branches:
Dungeon (11/15)            Temple (0/1) D:4            Lair (2/8) D:11
    Orc (0/2) D:11

Altars:
Elyvilon
Fedhas
Okawaru
Qazlal


Message History

No target in view!
No target in view!
No target in view!
Found a scroll of identify.
You see here a yak corpse.
You butcher the yak corpse.
b - 8 chunks of flesh (gained 5)
Found a scroll of random uselessness.
O - a scroll of identify Read which item? (? for menu, Esc to quit)
Identify which item? (\ to view known items) (? for menu, Esc to quit)
As you read the scroll of identify, it crumbles to dust.
x - 2 potions of degeneration Drop what? 41/52 slots (_ for help) (? for menu, Esc to quit)
You drop 2 potions of degeneration.
x - a wand of flame Read which item? (? for menu, Esc to quit)
As you read the scroll labeled TAG IBREPPY, it crumbles to dust.
This is a scroll of acquirement! [a] Weapon [b] Armour [c] Jewellery [d] Book [e] Staff [f] Wand [g] Miscellaneous [h] Food [i] Gold [j] Ammunition What kind of item would you like to acquire? (\ to view known items)
Something appears at your feet!
D - a pair of embroidered gloves Wear which item? (? for menu, Esc to quit)
You start removing your armour.
You continue taking off your +2 pair of gloves. x4
You finish taking off your +2 pair of gloves.
You start putting on your armour.
You continue putting on your pair of embroidered gloves. x5
You finish putting on your +2 pair of gloves of archery.
You feel that your aim is more steady.
Drop what? 41/52 slots (_ for help) (? for menu, Esc to quit)
Okay, then.
Are you sure you want to abandon this character and quit the game? (Confirm with "yes".)

.........................7.~~~.~.
.........................~..~~~..
....)..........................~~
...........#P##..#P.###7~.....~.~
...........###.#######7~~~..~.~.~
............P#######.#7~~~....~.~
......................7~.%.~~~.~.
......................7.~.~...~.~
................@...!.....~~~~.~.
##.###....................~~.~.~.
## #....................~~~~~.~.
###...................~~~~~~~..
###.#P....................~~...~~
.........................7~...~.~
.............P.........?..77...~~
...........P...............,....7
.......#......7# .# * ,


There were no monsters in sight!

Action                   |  1- 3 |  4- 6 |  7- 9 | 10-12 | 13-15 || total
-------------------------+-------+-------+-------+-------+-------++-------
Melee: Hand axe          |   123 |   225 |       |       |       ||   348
       War axe           |       |    45 |   277 |       |       ||   322
       Battleaxe         |       |       |    46 |       |   167 ||   213
       Executioner's axe |       |       |       |   138 |   205 ||   343
Invok: Berserk           |     1 |     8 |    19 |     6 |    14 ||    48
       Trog's Hand       |       |       |       |     1 |     2 ||     3
       Burn Spellbooks   |       |       |       |     1 |       ||     1
 Abil: Device Recharging |       |       |     1 |     1 |     1 ||     3
Evoke: Wand              |       |       |     7 |     5 |     4 ||    16
  Use: Scroll            |       |     6 |     5 |     3 |    10 ||    24
       Potion            |       |       |       |     2 |     6 ||     8
 Stab: Paralysed         |       |       |     1 |     2 |       ||     3
  Eat: Chunk             |     2 |    14 |    30 |     8 |    29 ||    83
       Beef jerky        |       |       |     1 |       |       ||     1
       Fruit             |       |       |     2 |     2 |     2 ||     6
       Bread ration      |       |       |       |     2 |       ||     2
Armor: Plate armour      |    95 |   191 |   235 |   137 |   230 ||   888
       Animal skin       |     2 |       |       |       |       ||     2
Dodge: Dodged            |    49 |    98 |   126 |    63 |   140 ||   476

Notes
Turn   | Place    | Note
--------------------------------------------------------------
     0 | D:1      | Duffy the Deep Dwarf Berserker began the quest for the Orb.
     0 | D:1      | Reached XP level 1. HP: 20/20 MP: 1/1
   146 | D:1      | Reached XP level 2. HP: 25/27 MP: 2/2
   437 | D:1      | Reached skill level 4 in Axes
   630 | D:1      | Reached ** piety under Trog
   842 | D:2      | Reached skill level 3 in Armour
   842 | D:2      | Reached XP level 3. HP: 33/33 MP: 3/3
  1054 | D:2      | Reached XP level 4. HP: 33/40 MP: 4/4
  1709 | D:2      | Reached skill level 5 in Axes
  1968 | D:3      | Reached XP level 5. HP: 29/46 MP: 5/5
  2128 | D:4      | Reached skill level 4 in Armour
  2192 | D:4      | Found a stormy altar of Qazlal.
  2246 | D:4      | Reached skill level 6 in Axes
  2279 | D:4      | Reached *** piety under Trog
  2329 | D:4      | Reached XP level 6. HP: 36/55 MP: 6/6
  2382 | D:4      | Found a staircase to the Ecumenical Temple.
  2591 | D:4      | Reached skill level 7 in Axes
  2828 | D:5      | Entered Level 5 of the Dungeon
  2920 | D:5      | Found an iron altar of Okawaru.
  2924 | D:5      | Found a white marble altar of Elyvilon.
  3280 | D:5      | Noticed an ice beast
  3296 | D:5      | Killed an ice beast
  3403 | D:5      | Reached skill level 8 in Axes
  3403 | D:5      | Reached XP level 7. HP: 20/61 MP: 7/7
  3610 | D:6      | Reached skill level 9 in Axes
  3888 | D:6      | Reached skill level 10 in Axes
  3888 | D:6      | Reached XP level 8. HP: 46/68 MP: 8/8
  3948 | D:6      | Reached **** piety under Trog
  4299 | D:7      | Reached skill level 11 in Axes
  4626 | D:7      | Reached skill level 12 in Axes
  4961 | D:7      | Gained mutation: You passively map the area around you. [Deep Dwarf growth]
  4961 | D:7      | Reached XP level 9. HP: 74/74 MP: 9/9
  5483 | D:8      | Reached skill level 1 in Evocations
  5517 | D:8      | Reached skill level 2 in Evocations
  5623 | D:8      | Reached skill level 3 in Evocations
  5840 | D:8      | Reached ***** piety under Trog
  5840 | D:8      | Reached skill level 5 in Armour
  5840 | D:8      | Reached skill level 4 in Evocations
  6135 | D:8      | Reached skill level 5 in Evocations
  6367 | D:8      | Found a blossoming altar of Fedhas.
  6714 | D:9      | Reached skill level 6 in Evocations
  6718 | D:9      | Reached skill level 13 in Axes
  6801 | D:9      | Reached skill level 6 in Armour
  6832 | D:9      | Reached skill level 7 in Evocations
  6976 | D:9      | Received a gift from Trog
  6976 | D:9      | Reached XP level 10. HP: 37/82 MP: 14/14
  7108 | D:9      | Noticed Erolcha
  7122 | D:9      | Killed Erolcha
  7122 | D:9      | Reached skill level 3 in Fighting
  7122 | D:9      | Reached skill level 7 in Armour
  7468 | D:10     | Entered Level 10 of the Dungeon
  7577 | D:10     | Reached skill level 4 in Fighting
  7577 | D:10     | Reached skill level 8 in Armour
  7895 | D:10     | Noticed a hill giant
  7900 | D:10     | Killed a hill giant
  7900 | D:10     | Reached skill level 14 in Axes
  8008 | D:10     | Reached XP level 11. HP: 79/93 MP: 4/14
  8014 | D:10     | Reached skill level 9 in Armour
  8056 | D:10     | Reached skill level 16 in Axes
  8056 | D:10     | Reached XP level 12. HP: 42/102 MP: 5/15
  8057 | D:10     | Reached skill level 18 in Axes
  8057 | D:10     | Reached XP level 13. HP: 44/108 MP: 5/16
  8708 | D:3      | Reached skill level 5 in Fighting
  9679 | D:11     | Received a gift from Trog
  9879 | D:11     | Reached skill level 6 in Fighting
  9945 | D:11     | Received a gift from Trog
 10201 | D:11     | Found a staircase to the Orcish Mines.
 10605 | D:11     | Found a staircase to the Lair.
 10811 | Lair:1   | Entered Level 1 of the Lair of Beasts
 11011 | Lair:1   | Noticed deorigin's ghost (journeyman GrFi)
 11019 | Lair:1   | Killed deorigin's ghost
 11317 | Lair:1   | Reached skill level 7 in Fighting
 11317 | Lair:1   | Reached skill level 19 in Axes
 12289 | Lair:2   | Quit the game

Vault maps used:
D:1:      dpeg_arrival_castle
D:2:      dk_noncrumbling_4
D:3:      lemuel_castle_with_subvaults
D:4:      minmay_temple_entry_trees, grunt_qazlal_sundering
D:5:      grunt_temple_overflow_open, first_bread
D:6:      st_stairs_10, interstate_on_off, nrook_loot_triangle
D:8:      hangedman_tree_tricks
D:9:      uniq_erolcha
D:11:     lair_0_dummy, orc_0_dummy
Lair:1:   beast_lair_carwin_large_2
Lair:2:   serial_bayou_pond_a, fungi_pond_lemuel, nicolae_quartered_pool_super

Vanquished Creatures
  The ghost of deorigin the Blocker, a journeyman GrFi of Qazlal Erolcha
  4 hill giants
  A cyclops
  2 spiny frogs
  5 komodo dragons
  2 trolls
  2 two-headed ogres
  5 polar bears
  3 wyverns
  A basilisk
  23 yaks
  5 hippogriffs
  3 hungry ghosts
  4 porcupines
  3 water moccasins
  A sky beast
  3 ice beasts
  5 orc warriors
  2 black bears
  2 phantoms
  4 centaurs
  6 ogres
  10 giant frogs
  2 big kobolds
  2 wyvern zombies
  A gnoll sergeant
  2 wyvern skeletons
  4 scorpions
  5 killer bees
  4 wights
  2 electric eels
  4 crimson imps
  A centaur zombie
  A quasit
  5 hounds
  6 gnoll shamans
  3 jellies
  4 orc priests
  6 orc wizards
  2 giant frog skeletons
  3 iguanas
  9 worker ants
  18 sheep
  A hound zombie
  16 adders
  44 gnolls
  A howler monkey skeleton
  13 river rats
  5 shadow imps
  An ooze
  2 adder zombies
  2 adder skeletons
  4 worms
  3 dart slugs
  3 giant geckos
  39 orcs
  4 giant cockroaches
  6 goblins
  6 hobgoblins
  25 jackals
  4 quokkas
  4 ball pythons
  6 bats
  A giant gecko skeleton
  7 giant newts
  A jackal skeleton
  9 kobolds
  A quokka skeleton
  5 rats
  A fungus
  3 plants
399 creatures vanquished.
